 Dungeon Crawl Stone Soup version 0.21.0-25-ge575cb9 (webtiles) character file.

132 Grimoiregrey the Changer (level 4, -5/35 HPs)
             Began as a Draconian Transmuter on Jan 24, 2018.
             Killed by nerve-wracking pain
             ... invoked by Jessica
              (7 damage)
             ... on level 3 of the Dungeon.
             The game lasted 00:17:39 (2709 turns).

Grimoiregrey the Changer (Draconian Transmuter)     Turns: 2709, Time: 00:17:40

Health: -5/35      AC:  6    Str: 12    XL:     4   Next: 92%
Magic:  7/7        EV: 12    Int: 14    God:
Gold:   148        SH:  0    Dex: 12    Spells: 6/7 levels left

rFire    . . .     SeeInvis .     - Unarmed
rCold    . . .     Gourm    .   (no shield)
rNeg     . . .     Faith    .   (armour unavailable)
rPois    +         Spirit   .   (helmet restricted)
rElec    .         Reflect  .   (no cloak)
rCorr    +         Harm     .   m - +0 pair of gloves
MR       .....                  (no boots)
Stlth    +.........             (no amulet)
HPRegen  0.11/turn              g - ring of resist corrosion
MPRegen  0.10/turn              s - ring of poison resistance

@: no status effects
A: unfitting armour, cold-blooded, AC +5
a: no special abilities


You were on level 3 of the Dungeon.
You were hungry.

You visited 1 branch of the dungeon, and saw 4 of its levels.

You collected 148 gold pieces.

Inventory:

Missiles
 a - 75 arrows
Armour
 m - a +0 pair of gloves (worn)
Jewellery
 g - a ring of resist corrosion (left hand)
 s - a ring of poison resistance (right hand)
Wands
 p - a wand of clouds (3)
Scrolls
 e - a scroll of fog {unknown}
 f - 2 scrolls of identify
 h - 2 scrolls of amnesia {unknown}
 j - a scroll of remove curse {unknown}
 l - a scroll of teleportation {unknown}
 o - a scroll of enchant weapon {unknown}
 q - a scroll of blinking {unknown}
 r - a scroll of noise {unknown}
Potions
 d - a potion of brilliance
 i - a potion of flight {unknown}
 k - a potion of ambrosia {unknown}
 n - a potion of cancellation {unknown}
Books
 b - a book of Changes

   Spells                             Type                      Level
   a - Beastly Appendage              Transmutation                1
   b - Sticks to Snakes               Transmutation                2
   c - Spider Form                    Transmutation/Poison         3
   d - Ice Form                       Ice/Transmutation            4
   e - Blade Hands                    Transmutation                5
Comestibles
 c - 3 rations


   Skills:
 - Level 1.1 Fighting
 - Level 1.7 Dodging
 - Level 3.0 Unarmed Combat
 - Level 2.0 Spellcasting
 + Level 5.1 Transmutations


You had 6 spell levels left.
You knew the following spells:

 Your Spells              Type           Power        Failure   Level  Hunger
a - Beastly Appendage     Tmut           ###...       2%          1    ##.....


Dungeon Overview and Level Annotations

Branches:
Dungeon (4/15)
 Temple: D:4-7

Altars:
Elyvilon
Qazlal
Wu Jian
Xom
The Shining One

Annotations:
D:3 Jessica


Innate Abilities, Weirdness & Mutations

Your plain brown scales are hard. (AC +5)
You cannot fit into any form of body armour.
You are cold-blooded and may be slowed by cold attacks.


Message History

Jessica hits you with a club.
You hit Jessica but do no damage.
You tail-slap Jessica, but do no damage.
Jessica hits you but does no damage.
You hit Jessica.
Your tail-slap misses Jessica.
Jessica is lightly wounded.
Jessica gestures wildly while chanting.
Jessica blinks!
Jessica gestures at you while chanting. Pain shoots through your body!
Jessica hits you with a club. Jessica hits you with a club.
* * * LOW HITPOINT WARNING * * *
Jessica hits you with a club.
* * * LOW HITPOINT WARNING * * *
Jessica hits you with a club.
* * * LOW HITPOINT WARNING * * *
Jessica hits you but does no damage. Jessica casts a spell at you.
Pain shoots through your body!
You die...

#......>..[..........#
#.
##.#........#####....#
#. #.#........#####....#
#. #.#........(...#....#
#.
#.#........###.#....###.
#.#...<......#.#........
#.#....@...#.#.#....####
#.#........#.#.#....#
#.#....@...#.#.###.##
#.##.#.....#.#.# #.#
#.##.#######.#.# #.#
#.##.........#.# #.#
#.############.# #.#
#..............# #.#
################ #.# #.#
#.#####


You could see Jessica.

Vanquished Creatures
  A scorpion (D:3)
  Robin (D:3)
  An adder (D:3)
  2 worms (D:2)
  A leopard gecko (D:3)
  An orc (D:3)
  4 bats
  3 giant cockroaches (D:2)
  12 goblins
  10 hobgoblins
  6 kobolds
  5 frilled lizards
  6 rats
53 creatures vanquished.

Notes
Turn   | Place    | Note
-------+----------+-------------------------------------------
     0 | D:1      | Grimoiregrey the Draconian Transmuter began the quest for the Orb.
     0 | D:1      | Reached XP level 1. HP: 16/16 MP: 3/3
    59 | D:1      | Reached XP level 2. HP: 11/23 MP: 3/5
   544 | D:1      | Reached skill level 3 in Transmutations
  1010 | D:2      | Found a shimmering altar of Xom.
  1010 | D:2      | Found a glowing golden altar of the Shining One.
  1010 | D:2      | Found a stormy altar of Qazlal.
  1196 | D:2      | Reached XP level 3. HP: 28/28 MP: 4/6
  1497 | D:2      | Found a white marble altar of Elyvilon.
  1497 | D:2      | Found an ornate altar of the Wu Jian Council.
  1895 | D:3      | Noticed Robin
  1919 | D:3      | Reached skill level 4 in Transmutations
  1924 | D:3      | Killed Robin
  2120 | D:3      | Reached XP level 4. HP: 27/35 MP: 5/7
  2404 | D:3      | Reached skill level 5 in Transmutations
  2656 | D:3      | Noticed Jessica
  2709 | D:3      | Killed from afar by Jessica

Skill      XL: |  1  2  3  4 |
---------------+-------------+-----
Transmutations | 3 4 5 |  5.1
Fighting       | |  1.1
Dodging        | |  1.7
Unarmed Combat | |  3.0
Spellcasting   | |  2.0

Action                   |  1- 3 |  4- 6 || total
-------------------------+-------+-------++-------
Melee: Unarmed           |   143 |    35 ||   178
       Kick              |    10 |     6 ||    16
       Tailslap          |    12 |     6 ||    18
       Headbutt          |     9 |       ||     9
       Punch             |     4 |       ||     4
 Cast: Beastly Appendage |    21 |     6 ||    27
  Use: Potion            |     1 |     1 ||     2
       Scroll            |       |     1 ||     1
  Eat: Chunk             |     2 |       ||     2
       Ration            |     1 |       ||     1
Armor: Skin              |    43 |    13 ||    56
Dodge: Dodged            |    77 |    30 ||   107
